 Dungeon Crawl Stone Soup version 0.23.2-33-g5129a83184 (webtiles) character file.

Game seed: 7016482395552956232

179 Kobolds4U the Slasher (level 5, -10/43 HPs)
             Began as a Demonspawn Abyssal Knight on June 28, 2019.
             Was a Believer of Lugonu.
             Mangled by an ogre
             ... wielding a +0 giant club
              (16 damage)
             ... on level 4 of the Dungeon.
             The game lasted 00:08:38 (3632 turns).

Kobolds4U the Slasher (Demonspawn Abyssal Knight)   Turns: 3632, Time: 00:08:38

Health: -10/43     AC:  6    Str: 13    XL:     5   Next: 33%
Magic:  7/7        EV: 11    Int: 13    God:    Lugonu [**....]
Gold:   170        SH:  0    Dex: 13    Spells: 4/4 levels left

rFire    . . .     SeeInvis .   a - +1 falchion
rCold    . . .     Gourm    .   (no shield)
rNeg     . . .     Faith    .   b - +0 leather armour
rPois    .         Spirit   .   (no helmet)
rElec    .         Reflect  .   (no cloak)
rCorr    .         Harm     .   x - +0 pair of gloves
MR       .....     Rnd*Tele +   (no boots)
Stlth    +.........             (no amulet)
HPRegen  0.14/turn              v - ring of teleportation (curse)
MPRegen  0.10/turn              (no ring)

@: no status effects
A: claws 1, rugged brown scales 2
a: Depart the Abyss, Bend Space, Renounce Religion


You were on level 4 of the Dungeon.
You worshipped Lugonu.
Lugonu was pleased with you.
You were not hungry.

You visited 1 branch of the dungeon, and saw 4 of its levels.
You visited the Abyss 1 time.

You collected 170 gold pieces.

Inventory:

Hand Weapons
 a - a +1 falchion (weapon)
 u - a +2 whip of venom
 C - a +0 mace of crushing
Missiles
 j - 32 bolts
 D - 17 arrows
Armour
 b - a +0 leather armour (worn)
 x - a +0 pair of gloves (worn)
Jewellery
 r - an uncursed ring of ice
 v - a cursed ring of teleportation (left hand)
 w - a +4 ring of slaying {unknown}
 z - a cursed amulet of magic regeneration {unknown}
Wands
 h - a wand of clouds (3)
 B - a wand of random effects (14)
Scrolls
 d - 7 scrolls of identify {unknown}
 e - a scroll of amnesia {unknown}
 i - a scroll of acquirement {unknown}
 m - 2 scrolls of teleportation {unknown}
 o - a scroll of magic mapping {unknown}
 p - a scroll of enchant weapon {unknown}
 s - 3 scrolls of remove curse {unknown}
 y - a scroll of immolation {unknown}
 A - a scroll of enchant armour {unknown}
Potions
 f - a potion of resistance {unknown}
 k - 2 potions of brilliance {unknown}
 l - a potion of agility {unknown}
 n - a potion of ambrosia {unknown}
 q - 3 potions of curing {unknown}
Miscellaneous
 g - a lamp of fire
Comestibles
 c - 7 rations
 t - 3 chunks of flesh


   Skills:
 - Level 3.0 Fighting
 * Level 4.3 Long Blades
 - Level 1.7 Armour
 - Level 0.8 Dodging
 - Level 2.4 Invocations
 + Level 2.7 Evocations


You had 4 spell levels left.
You didn't know any spells.
Your spell library was empty.

Dungeon Overview and Level Annotations

Branches:
Dungeon (4/15)
 Temple: D:4-7

Altars:
Elyvilon

Shops:
D:4 =


Innate Abilities, Weirdness & Mutations

You have sharp fingernails.
You are mostly covered in rugged brown scales. (AC +2, +5% HP)


Message History

An ogre is nearby!
You hit the ogre.
The ogre is lightly wounded.
The ogre barely misses you.
You barely miss the ogre.
The ogre is lightly wounded.
The ogre hits you with a +0 giant club!
You closely miss the ogre.
The ogre is lightly wounded.
You barely miss the ogre.
The ogre is lightly wounded.
The ogre hits you with a +0 giant club!
You hit the ogre.
The ogre is lightly wounded.
The ogre hits you with a +0 giant club!
* * * LOW HITPOINT WARNING * * *
You hit the ogre.
The ogre is moderately wounded.
The ogre hits you with a +0 giant club!
You die...

####.....#
...###'###
#####..# # #.## #
#.# ### #.# ..#
#.# #######
#.###.# #.....#
......# #.##@##
#.###########.##O#
#..............#.#
################.#
# ... # ### # ####
...#


You could see an ogre.

Vanquished Creatures
  An orc priest (D:4)
  Ijyb (D:3)
  4 adders
  3 worms
  3 dart slugs
  A leopard gecko (D:1)
  8 orcs
  2 ball pythons (D:2)
  10 bats
  3 giant cockroaches
  5 goblins
  6 hobgoblins
  4 jackals (D:1)
  2 frilled lizards (D:1)
  7 kobolds
  9 rats
69 creatures vanquished.

Notes
Turn   | Place    | Note
-------+----------+-------------------------------------------
     0 | Abyss:1  | Kobolds4U the Demonspawn Abyssal Knight began the quest for
                  | the Orb.
     0 | Abyss:1  | Reached XP level 1. HP: 18/18 MP: 2/2
     2 | Abyss:1  | Found an ancient bone altar of Kikubaaqudgha.
    91 | Abyss:1  | Noticed an iron imp
   176 | Abyss:2  | Noticed a raiju
   212 | Abyss:2  | Noticed a large abomination
   215 | Abyss:2  | Noticed a tentacled starspawn
   216 | D:1      | Escaped the Abyss
   406 | D:1      | Reached skill level 2 in Long Blades
   504 | D:1      | Gained mutation: You are partially covered in rugged brown
                  | scales. (AC +1, +3% HP) [demonic ancestry]
   504 | D:1      | Reached XP level 2. HP: 17/24 MP: 3/3
   513 | D:1      | Reached * piety under Lugonu
   875 | D:1      | Reached skill level 1 in Evocations
  1641 | D:2      | Gained mutation: You have sharp fingernails. [demonic
                  | ancestry]
  1641 | D:2      | Reached XP level 3. HP: 26/29 MP: 4/4
  1648 | D:2      | Reached skill level 3 in Long Blades
  2081 | D:2      | Gained mutation: You are mostly covered in rugged brown
                  | scales. (AC +2, +5% HP) [demonic ancestry]
  2081 | D:2      | Reached XP level 4. HP: 21/36 MP: 5/5
  2584 | D:3      | Reached ** piety under Lugonu
  2843 | D:3      | Noticed Ijyb
  3307 | D:3      | Found a white marble altar of Elyvilon.
  3430 | D:3      | Killed Ijyb
  3430 | D:3      | Reached skill level 4 in Long Blades
  3430 | D:3      | Reached XP level 5. HP: 42/43 MP: 6/6
  3554 | D:4      | Found Gugokhlei's Jewellery Shoppe.
  3625 | D:4      | Noticed an ogre
  3632 | D:4      | Mangled by an ogre

Skill      XL: |  1  2  3  4 |
---------------+-------------+-----
Long Blades    | 2 3 4 |  4.3
Evocations     | 1 2 |  2.7
Fighting       | |  3.0
Armour         | |  1.7
Dodging        | |  0.8
Invocations    | |  2.4

Action                   |  1- 3 |  4- 6 || total
-------------------------+-------+-------++-------
Melee: Falchion          |   102 |   115 ||   217
Invok: Depart the Abyss  |     1 |       ||     1
Evoke: Lamp of fire      |     1 |       ||     1
 Stab: Sleeping          |     1 |       ||     1
  Eat: Chunk             |     4 |     5 ||     9
Armor: Leather armour    |    28 |    35 ||    63
Dodge: Dodged            |    77 |    74 ||   151
       Rpst.: Falchion   |    35 |    21 ||    56
